AoeStats
← mikrethor

MegaRandom

510832187Analyzed
3v3 RM · 17h ago on Oct 2, 2026· 21m 32s· 6 players
Game mode
Random Map
Map size
Normal (6 player)
Population
200
Speed
Normal
Resources
Standard
Victory
Conquest
Starting age
Dark Age
Ending age
Imperial Age
RankedLock teamsTeams togetherTeam positionsShared explorationLock speedFull tech treeHidden civsTurbo modeCheats
Victory
Defeat
🇩🇰 Aztecs · Denmark
1120
+13
🇮🇹 Saxons · Italy
1110
+14
🇦🇹 Georgians · Austria
1110
+14
🇨🇱 Celts · Chile
1088
-15
🇨🇦 Varangians · Canada
1065
-14
🇨🇦 Malay · Canada
1026
-12
mikrethor
5:16 Loom
10:26 Feudal Age
11:01 Wheelbarrow
14:08 Forging
13:45 Horse Collar
15:51 Fletching
16:44 Double-Bit Axe
16:52 Gold Mining
16:53 Stone Mining
20:14 Castle Age
19:42 Scale Barding Armor
20:08 Hand Cart
20:32 Squires
gingersurprise69
Eagle
1:06 Loom
11:50 Feudal Age
11:59 Feudal Age
12:41 Double-Bit Axe
12:37 Horse Collar
15:19 Wheelbarrow
14:31 Town Watch
19:44 Castle Age
18:06 Man-at-Arms
TheSnowCrash
7:10 Loom
12:03 Feudal Age
13:45 Wheelbarrow
12:56 Town Watch
13:00 Double-Bit Axe
12:59 Horse Collar
13:18 Gold Mining
13:19 Stone Mining
18:57 Arson
19:25 Forging
19:16 Scale Mail Armor
19:07 Fletching
19:17 Padded Archer Armor
22:16 Castle Age
141CR Uepossssss
6:53 Loom
11:48 Feudal Age
16:34 Castle Age
15:01 Horse Collar
15:06 Double-Bit Axe
15:14 Stone Mining
19:23 Bow Saw
19:42 Heavy Plow
21:10 Wheelbarrow
paniny
9:19 Loom
11:18 Feudal Age
12:16 Double-Bit Axe
15:49 Castle Age
13:41 Horse Collar
14:34 Scale Mail Armor
14:45 Forging
16:55 Bow Saw
18:12 Chain Mail Armor
18:38 Fletching
Connection lost

Rejoining the realm…

Still unreachable

The connection could not be restored.

Session expired

The server has moved on; the page needs a fresh start.